 Dungeon Crawl Stone Soup version 0.19-a0-583-g665d810 (webtiles) character file.

82 TheGoonsmith the Conjurer (level 4, -1/24 HPs)
             Began as a Deep Elf Conjurer on June 9, 2016.
             Slain by a steam dragon (5 damage)
             ... on level 3 of the Dungeon.
             The game lasted 00:02:21 (1745 turns).

TheGoonsmith the Conjurer (Deep Elf Conjurer)       Turns: 1745, Time: 00:02:22

Health: -1/24      AC:  2    Str:  5    XL:     4   Next: 21%
Magic:  5/12       EV: 13    Int: 20    God:
Gold:   70         SH:  0    Dex: 16    Spells: 2 memorised, 8 levels left

rFire  . . .     SeeInvis .     m - +1 whip (vamp)
rCold  . . .     Gourm    .     a - +0 robe
rNeg   . . .     Faith    .     (no shield)
rPois  .         Spirit   .     (no helmet)
rElec  .         Dismiss  .     (no cloak)
rCorr  .         Reflect  .     (no gloves)
SustAt .         Harm     .     (no boots)
MR     .....                    (no amulet)
Stlth  ++........               (no ring)
                                (no ring)

@: not resistant to hostile enchantments, unstealthy
A: no striking features
a: no special abilities


You were on level 3 of the Dungeon.
You were not hungry.

You visited 1 branch of the dungeon, and saw 3 of its levels.

You collected 70 gold pieces.

Inventory:

Hand Weapons
 m - a +1 vampiric whip (weapon)
Armour
 a - a +0 robe (worn)
Jewellery
 n - an uncursed amulet of magic regeneration {unknown}
Wands
 k - a wand of heal wounds (7/9)
Scrolls
 d - 2 scrolls of fear {unknown}
 h - 2 scrolls of identify {unknown}
 i - a scroll of remove curse {unknown}
 j - a scroll of amnesia {unknown}
 l - 2 scrolls of enchant weapon {unknown}
Potions
 e - a potion of lignification {unknown}
 f - a potion of cure mutation {unknown}
Books
 b - a book of Conjurations

   Spells                             Type                      Level
   a - Magic Dart                     Conjuration                  1
   b - Searing Ray                    Conjuration                  2
   c - Dazzling Spray                 Conjuration/Hexes            3
   d - Fulminant Prism                Conjuration/Hexes            4
   e - Iskenderun's Mystic Blast      Conjuration                  4
   f - Iskenderun's Battlesphere      Conjuration/Charms           5
Comestibles
 c - 2 bread rations
 g - 3 fruits


   Skills:
 - Level 2.4 Dodging
 - Level 2.4 Stealth
 + Level 4.4 Spellcasting
 * Level 5.6 Conjurations


You had 8 spell levels left.
You knew the following spells:

 Your Spells              Type           Power        Failure   Level  Hunger
a - Magic Dart            Conj           ####         1%          1    None
b - Searing Ray           Conj           ####..       1%          2    #......


Dungeon Overview and Level Annotations

Branches:
Dungeon (3/15)

Altars:
Ru


Message History

* * * LOW HITPOINT WARNING * * *
There is a stone staircase leading up here.
You start resting.
Casting: Magic Dart
Confirm with . or Enter, or press ? or * to list all spells.
Aiming: Searing Ray
Press: ? - help, Shift-Dir - straight line, f/p - steam dragon
Aim: a steam dragon (lightly wounded, hasn't noticed you)
The searing ray hits the steam dragon.
The steam dragon is moderately wounded.
The searing ray misses the steam dragon.
The searing ray hits the steam dragon.
The steam dragon is heavily wounded.
The steam dragon barely misses you. The steam dragon closely misses you.
The searing ray hits the steam dragon.
The steam dragon is almost dead.
You finish channeling your searing ray.
The steam dragon bites you.
* * * LOW HITPOINT WARNING * * *
The steam dragon claws you.
You die...

.... .... #.D#
#§.# #####..#
%....§######.
####.§§§......
.....#.######
#......D@..#
##.#######.# #
#


You could see a steam dragon.

Vanquished Creatures
  An adder (D:2)
  An ooze (D:1)
  A worm (D:2)
  A dart slug (D:2)
  5 giant geckos
  12 bats
  4 giant cockroaches
  7 goblins
  5 hobgoblins
  2 giant newts
  8 kobolds
  8 rats
55 creatures vanquished.

Notes
Turn   | Place    | Note
--------------------------------------------------------------
     0 | D:1      | TheGoonsmith the Deep Elf Conjurer began the quest for the Orb.
     0 | D:1      | Reached XP level 1. HP: 10/10 MP: 6/6
   101 | D:1      | Reached XP level 2. HP: 15/15 MP: 2/8
   314 | D:1      | Learned a level 2 spell: Searing Ray
   368 | D:1      | Reached skill level 5 in Conjurations
   674 | D:1      | Reached XP level 3. HP: 19/19 MP: 7/10
  1342 | D:2      | Reached XP level 4. HP: 24/24 MP: 9/12
  1566 | D:2      | Found a sacrificial altar of Ru.
  1733 | D:3      | Noticed a steam dragon
  1745 | D:3      | Slain by a steam dragon

Vault maps used:
D:1:      dpeg_arrival_prison
D:2:      lemuel_round_altar, hangedman_decor_push
D:3:      dancing_weapons_uskayaw, first_bread, dk_noncrumbling_4

Skill      XL: |  1  2  3 |
---------------+----------+-----
Conjurations   | 5 |  5.6
Spellcasting   | 4 |  4.4
Dodging        | |  2.4
Stealth        | |  2.4

Action                   |  1- 3 |  4- 6 || total
-------------------------+-------+-------++-------
 Cast: Magic Dart        |    80 |    27 ||   107
       Searing Ray       |     2 |     1 ||     3
  Eat: Chunk             |     1 |     1 ||     2
       Bread ration      |       |     1 ||     1
Armor: Robe              |     1 |       ||     1
Dodge: Dodged            |     5 |     4 ||     9
